 Dungeon Crawl Stone Soup version 0.18-a0-1616-g1e052b8 (webtiles) character file.

64 Sixotanaka the Skirmisher (level 3, -1/31 HPs)
             Began as a Demigod Wanderer on Mar 23, 2016.
             Slain by a goblin (5 damage)
             ... led by Robin
             ... on level 2 of the Dungeon.
             The game lasted 00:03:02 (1469 turns).

Sixotanaka the Skirmisher (Demigod Wanderer)        Turns: 1469, Time: 00:03:02

Health: -1/31      AC:  9    Str: 17    XL:     3   Next: 64%
Magic:  5/5        EV:  9    Int: 15    God:
Gold:   57         SH:  0    Dex: 16    Spells: 0 memorised, 2 levels left

rFire  . . .     SeeInvis .     c - +0 short sword
rCold  . . .     Gourm    .     a - +2 scale mail
rNeg   . . .     Faith    .     (no shield)
rPois  .         Spirit   .     (no helmet)
rElec  .         Dismiss  .     (no cloak)
rCorr  .         Reflect  .     (no gloves)
SustAt +         Harm     .     e - +0 pair of boots
MR     .....                    (no amulet)
Stlth  +.........               (no ring)
                                (no ring)

@: not resistant to hostile enchantments, very unstealthy
A: high mp 1, sustain attributes
a: no special abilities


You were on level 2 of the Dungeon.
You were not hungry.

You visited 1 branch of the dungeon, and saw 2 of its levels.

You collected 57 gold pieces.


Innate Abilities, Weirdness & Mutations

You have an increased reservoir of magic (+10% MP).
Your attributes are resistant to harm.


   Skills:
 + Level 3.5 Fighting
 - Level 1.0 Short Blades
   Level 1.7 Maces & Flails
 - Level 1.0 Armour
 - Level 1.0 Dodging
 - Level 2.6 Stealth
   Level 1.0 Shields


You had 2 spell levels left.
You didn't know any spells.

Dungeon Overview and Level Annotations

Branches:
Dungeon (2/15)

Annotations:
D:2 Robin

Inventory:

Hand Weapons
 c - a +0 short sword (weapon)
 d - a +0 dagger
Missiles
 h - 2 tomahawks (quivered)
 o - 10 poisoned needles
Armour
 a - a +2 scale mail (worn)
 e - a +0 pair of boots (worn)
Jewellery
 m - an uncursed ring of fire
Scrolls
 b - 5 scrolls of teleportation {@r4}
 g - a scroll of immolation {unknown}
 i - 2 scrolls of remove curse {unknown}
 n - a scroll of identify {unknown}
 p - a scroll of enchant armour {unknown}
Potions
 j - a potion of degeneration {unknown}
 k - a potion of flight {unknown}
 r - a potion of might {unknown}
Books
 s - a book of Debilitation
Comestibles
 f - 2 bread rations
 l - a fruit
 q - 7 chunks of flesh

#.g#≈≈≈g. #.##≈≈≈h. #g###≈≈..
############## #.# #≈≈g.
#............# #.# #≈≈..
#............# ###g###≈≈≈.
#............# #.....#<≈≈≈
##............#########.###.#.#≈≈
.)..[..........g@g..()).....(....
##............###########)#.###.#
#............# #.#.....#
#............# #.#######
#............# #.# ####.#########
#+# #.# #.# #.#


You could see Robin and a goblin.


Message History

The goblin shoots a stone.
The stone hits you but does no damage.
The goblin shoots a stone.
The stone hits you.
You see here 3 stones.
The goblin hits you with a dagger.
The goblin shoots a stone.
The stone hits you but does no damage.
A goblin comes into view. It is wielding a club.
You see here a stone.
The goblin shouts!
You hit the goblin.
You kill the goblin!
A goblin comes into view.
Robin shouts!
The goblin shouts!
Things that are here:
a dagger; a black potion; a scroll labeled TACRIYSTOIQ Unknown command.
The goblin shoots a stone.
The stone hits you but does no damage.
Robin says, "A pitiful Demigod like you will never find the ORB!"
Robin roars a battlecry!
The goblins go into a battle-frenzy!
You see here 2 stones.
The goblin shoots a stone.
The stone completely misses you.
The goblin shoots a stone.
The stone hits you but does no damage.
You see here 4 stones.
The goblin shoots a stone.
The stone hits you but does no damage.
The goblin shoots a stone.
The stone completely misses you.
You see here 5 stones.
You see here a stone.
You see here a dagger.
The hobgoblin hits you but does no damage.
Things that are here:
an uncursed dagger; an uncursed hunting sling; 19 stones
Items here: )))) ÷ †† You see here a stone.
The hobgoblin no longer looks unusually strong.
The hobgoblin hits you but does no damage.
You hit the hobgoblin. The hobgoblin hits you with a club.
Robin roars a battlecry!
The goblins go into a battle-frenzy!
You hit the hobgoblin but do no damage.
The hobgoblin hits you but does no damage.
You hit the hobgoblin but do no damage. The hobgoblin barely misses you.
You hit the hobgoblin.
The hobgoblin hits you but does no damage.
You barely miss the hobgoblin. The hobgoblin hits you with a club!
* * * LOW HITPOINT WARNING * * *
You hit the hobgoblin.
You kill the hobgoblin!
You hit the goblin.
You kill the goblin!
Robin throws the goblin at you! The goblin hits you but does no damage.
Robin says, "A pitiful Demigod like you will never find the ORB!"
Things that are here:
a club x2; a hobgoblin corpse You miss the goblin.
The goblin barely misses you. Robin hits you with a dagger.
* * * LOW HITPOINT WARNING * * *
You hit the goblin. The goblin barely misses you. Robin hits you with a dagger.
* * * LOW HITPOINT WARNING * * *
You barely miss the goblin. The goblin hits you but does no damage.
Robin hits you with a dagger.
* * * LOW HITPOINT WARNING * * *
You hit the goblin. The goblin hits you.
* * * LOW HITPOINT WARNING * * *
Robin closely misses you.
You closely miss the goblin. The goblin hits you.
* * * LOW HITPOINT WARNING * * *
Robin hits you with a dagger.
* * * LOW HITPOINT WARNING * * *
The goblin hits you.
You die...

Action                   || total
-------------------------++-------
Melee: Short sword       ||   194
  Eat: Chunk             ||     2

Vault maps used:
D:1:      saegor_arrival_fortress, supply_closet_lemuel, minmay_misc_feat_five,
          nrook_loot_triangle, st_stairs_12
D:2:      kennysheep_goblin_castle, uniq_robin

Notes
Turn   | Place    | Note
--------------------------------------------------------------
     0 | D:1      | Sixotanaka the Demigod Wanderer began the quest for the Orb.
     0 | D:1      | Sixotanaka set off with: a +2 scale mail, a scroll of teleportation {@r4}, a +0 short sword, a +0 dagger, a bread ration
     0 | D:1      | Reached XP level 1. HP: 16/16 MP: 3/3
     0 | D:1      | Upgraded the game from 0.18-a0-1613-g115b75a to 0.18-a0-1616-g1e052b8
   240 | D:1      | Reached skill level 2 in Fighting
   250 | D:1      | Reached XP level 2. HP: 14/24 MP: 4/4
  1091 | D:2      | Reached XP level 3. HP: 27/30 MP: 5/5
  1110 | D:2      | Reached skill level 3 in Fighting
  1254 | D:2      | Noticed Robin
  1469 | D:2      | HP: 5/31 [goblin[Robin] (3)]
  1469 | D:2      | Slain by a goblin

Vanquished Creatures
  2 bats (D:1)
  A bat zombie (D:1)
  2 giant cockroaches (D:1)
  18 goblins
  7 hobgoblins
  12 jackals
  A giant cockroach zombie (D:1)
  4 kobolds
  3 rats (D:1)
50 creatures vanquished.
